 Dungeon Crawl Stone Soup version 0.26.0-10-g1f06aea511 (webtiles) character file.

Game seed: 5041733404865741276

532 Borgoz the Slasher (level 7, -3/58 HPs)
             Began as a Ghoul Gladiator on Jan 14, 2021.
             Slain by an ogre
             ... wielding a +0 giant club
              (16 damage)
             ... on level 4 of the Dungeon.
             The game lasted 00:05:05 (4751 turns).

Borgoz the Slasher (Ghoul Gladiator)                Turns: 4751, Time: 00:05:05

Health: -3/58      AC:  5    Str: 18    XL:     7   Next: 24%
Magic:  6/6        EV: 13    Int:  3    God:
Gold:   136        SH:  0    Dex: 12    Spells: 6/6 levels left

rFire    . . .     SeeInvis .   a - +0 long sword
rCold    + . .     Faith    .   (no shield)
rNeg     + + +     Spirit   .   b - +0 leather armour
rPois    ∞         Reflect  .   c - +0 helmet
rElec    .         Harm     .   (no cloak)
rCorr    +         Rampage  .   l - +0 pair of gloves
Will     .....                  (no boots)
Stlth    +.........             (no amulet)
HPRegen  0.00/turn              h - ring of resist corrosion
MPRegen  0.10/turn              (no ring)

@: no status effects
A: claws 1, cold resistance 1, negative energy resistance 3, inhibited
regeneration, torment resistance, unbreathing
a: no special abilities


You were on level 4 of the Dungeon.
You visited 1 branch of the dungeon, and saw 4 of its levels.

You collected 176 gold pieces.
You spent 40 gold pieces at shops.

Inventory:

Hand Weapons
 a - a +0 long sword (weapon)
Armour
 b - a +0 leather armour (worn)
 c - a +0 helmet (worn)
 l - a +0 pair of gloves (worn)
Jewellery
 h - a ring of resist corrosion (left hand)
Scrolls
 e - 2 scrolls of blinking
 m - 2 scrolls of remove curse {unknown}
 n - 3 scrolls of teleportation
 q - a scroll of fear
 r - 2 scrolls of enchant armour
Potions
 d - a potion of curing
 f - 2 potions of might
 g - a potion of brilliance
 i - a potion of invisibility
 j - a potion of flight
 k - a potion of ambrosia
 o - 4 potions of haste


   Skills:
 + Level 3.9 Fighting
 * Level 4.7 Long Blades
 - Level 1.7 Throwing
 * Level 3.7 Armour
 + Level 3.8 Dodging


You had 6 spell levels left.
You didn't know any spells.
Your spell library was empty.

Dungeon Overview and Level Annotations

Branches:
Dungeon (4/15)
 Temple: D:4-7

Altars:
Dithmenos
Gozag
Sif Muna

Shops:
D:4 !


Innate Abilities, Weirdness & Mutations

You thrive by killing the living.
You are immune to poison.
You have sharp fingernails.
Your flesh is cold resistant. (rC+)
You are immune to negative energy. (rN+++)
You do not regenerate when monsters are visible.
You are immune to unholy pain and torment.
You can survive without breathing.


Message History

The ogre hits you with a +0 giant club!
You hit the ogre.
The ogre is severely wounded.
The ogre misses you.
You hit the ogre but do no damage.
The ogre is severely wounded.
You hit the ogre.
The ogre is severely wounded.
The ogre hits you with a +0 giant club!
* * * LOW HITPOINT WARNING * * *
You hit the ogre.
The ogre is severely wounded.
The ogre completely misses you.
You hit the ogre.
The ogre is almost dead.
The ogre barely misses you.
You closely miss the ogre.
The ogre is almost dead.
The ogre hits you with a +0 giant club!
You die...

.....#. #..#.. .........
......# .........
.....## .......... <...#
#......... ## #..##
###.....[ #.. #..#
.......# ##..##..##
..>....##..#....#O..####
#...............@#.....#
........#.##.....#.....#
..........##...........#
.....##...............##
......#.#..............#
...#.##.####.......<...#
#..##....###........#.##
##.....<[##........##.#
.##...#..).........####


You could see an ogre.

Vanquished Creatures
  An ogre (D:4)
  A bullfrog skeleton (D:4)
  An orc priest (D:3)
  2 orc wizards
  2 iguanas
  4 worker ants
  4 adders
  An ufetubus (D:4)
  3 oozes
  5 worms
  3 dart slugs
  3 leopard geckos
  17 orcs
  2 ball pythons
  A giant cockroach (D:4)
  9 goblins
  7 hobgoblins
  12 jackals
  A quokka (D:3)
  6 bats
  4 frilled lizards
  10 kobolds
  6 rats
105 creatures vanquished.

Notes
Turn   | Place    | Note
-------+----------+-------------------------------------------
     0 | D:1      | Borgoz the Ghoul Gladiator began the quest for the Orb.
     0 | D:1      | Reached XP level 1. HP: 17/17 MP: 0/0
    23 | D:1      | Reached XP level 2. HP: 25/25 MP: 1/1
    92 | D:1      | Reached skill level 3 in Long Blades
    92 | D:1      | Reached skill level 1 in Armour
   143 | D:1      | Reached XP level 3. HP: 30/30 MP: 2/2
   680 | D:2      | Reached XP level 4. HP: 26/37 MP: 3/3
   898 | D:2      | Found a shimmering blue altar of Sif Muna.
  1648 | D:2      | Reached XP level 5. HP: 18/45 MP: 4/4
  2248 | D:3      | Found a shadowy altar of Dithmenos.
  2925 | D:3      | Reached skill level 4 in Long Blades
  2925 | D:3      | Reached XP level 6. HP: 42/51 MP: 5/5
  3946 | D:4      | Found an opulent altar of Gozag.
  4096 | D:4      | Reached XP level 7. HP: 14/58 MP: 6/6
  4606 | D:4      | Found Qyurhe's Distillery.
  4609 | D:4      | Bought a potion of might for 40 gold pieces
  4751 | D:4      | Slain by an ogre

Illustrated notes

Levels and vault maps discovered:
D:1:      wander_arrival_lonely_grave, layout_loops_ring, glass_columns_a,
          nrook_campfire
D:2:      layout_loops_ring, st_stairs_2, lemuel_blue_sif_altar
D:3:      layout_loops_ring, nicolae_dithmenos_through_a_glass_darkly,
          kennysheep_big_empty_room, grunt_ministairs_7, amethyst_killhole,
          kennysheep_generic_room_13
D:4:      layout_cave_pools, nicolae_gozag_seed_capital, serial_shops,
          kennysheep_mini_moat

Skill      XL: |  1  2  3  4  5  6 |
---------------+-------------------+-----
Long Blades    | 3 4 |  4.7
Armour         | 1 2 3 |  3.7
Dodging        | 3 |  3.8
Fighting       | 3 |  3.9
Throwing       | |  1.7

Action                   |  1- 3 |  4- 6 |  7- 9 || total
-------------------------+-------+-------+-------++-------
Melee: Long sword        |    68 |   237 |    50 ||   355
Throw: Throwing net      |       |     4 |       ||     4
  Use: Potion            |       |     2 |       ||     2
       Scroll            |       |     6 |     3 ||     9
Armor: Leather armour    |    23 |    67 |     7 ||    97
Dodge: Dodged            |    67 |   200 |    30 ||   297
       Rpst.: Long sword |    25 |    51 |    11 ||    87
